 Dungeon Crawl Stone Soup version 0.30-a0-743-gbfdf073431 (webtiles) character file.

Game seed: 11850440084745950618

3348 browni3141 the Cleaver (level 9, 0/71 HPs)
             Began as a Mummy Cinder Acolyte on Feb 8, 2023.
             Was a Priest of Ignis.
             Slain by a yak (2 damage)
             ... on level 8 of the Dungeon.
             The game lasted 00:12:28 (7000 turns).

browni3141 the Cleaver (Mummy Cinder Acolyte)       Turns: 7000, Time: 00:12:29

Health: 0/71       AC: 23    Str: 21    XL:     9   Next: 72%
Magic:  11/11      EV:  9    Int: 13    God:    Ignis [***...]
Gold:   114        SH:  0    Dex:  8    Spells: 8/10 levels left

rFire   + . .      SeeInvis .    D - +3 war axe (heavy)
rCold   + . .      Faith    +    (no shield)
rNeg    + + +      Spirit   .    j - +0 scale mail {rF+}
rPois   ∞          Reflect  .    o - +0 helmet
rElec   .          Harm     .    A - +0 cloak
rCorr   .          Rampage  .    e - +2 pair of gloves {hurl}
Will    +....                    (no boots) Stlth
                                 (no amulet)
HPRegen 0.31/turn                k - ring of wizardry
MPRegen 0.12/turn                w - +4 ring of protection

@: fiery-armoured
A: cold resistance 1, negative energy resistance 3, torment resistance 2, heat
vulnerability 1, in touch with death 1, no potions, faith
a: Renounce Religion, Fiery Armour, Foxfire Swarm, Rising Flame


You were on level 8 of the Dungeon.
You worshipped Ignis.
Ignis was most pleased with you.
You visited 1 branch of the dungeon, and saw 8 of its levels.

You collected 451 gold pieces.
You spent 337 gold pieces at shops.

Inventory:

Hand Weapons
 a - a -1 hand axe of flaming
 v - a +0 war axe
 D - a +3 heavy war axe (weapon)
Missiles
 r - 4 throwing nets
 s - 29 poisoned darts (quivered)
 C - 37 stones
 E - 8 boomerangs
Armour
 b - a +0 robe
 c - a +0 leather armour
 e - a +2 pair of gloves of hurling (worn)
 f - a +0 leather armour
 h - a +0 ring mail
 j - a +0 scale mail of fire resistance (worn)
 o - a +0 helmet (worn)
 t - a +0 kite shield
 A - a +0 cloak (worn)
Jewellery
 g - a ring of see invisible
 k - a ring of wizardry (left hand)
 w - a +4 ring of protection (right hand)
 B - a ring of ice
Scrolls
 d - 4 scrolls of teleportation
 i - 2 scrolls of identify
 l - 3 scrolls of amnesia
 m - a scroll of enchant armour
 n - 3 scrolls of poison
 q - a scroll of enchant weapon
 u - a scroll of immolation
 x - a scroll of fog {unknown}
 y - 2 scrolls of blinking {unknown}
 z - a scroll of magic mapping {unknown}
 F - a scroll of fear {unknown}


   Skills:
 * Level 6.7 Fighting
 * Level 9.0 Axes
 - Level 4.0 Throwing
 - Level 4.0 Armour
 - Level 1.3 Spellcasting
 - Level 2.4 Fire Magic


You had 8 spell levels left.
You knew the following spells:

 Your Spells              Type           Power      Damage    Failure   Level
a - Scorch                Fire           14%        2d5       16%         2

Your spell library contained the following spells:

 Spells                   Type           Power      Damage    Failure   Level
 Blink                    Tloc           0%         N/A       38%         2
 Lesser Beckoning         Tloc           0%         N/A       38%         2
 Momentum Strike          Conj/Tloc      0%         3d8       38%         2
 Inner Flame              Hex/Fire       4%         N/A       45%         3
 Flame Wave               Conj/Fire      4%         2d5       83%         4
 Sticky Flame             Conj/Fire      4%         2d3       83%         4


Dungeon Overview and Level Annotations

Branches:
Dungeon (8/15)             Temple (0/1) D:5
   Lair: D:8-11

Altars:
Cheibriados
Hepliaklqana
Sif Muna
Trog
Vehumet
Xom

Shops:
D:5 *?[*(

Annotations:
D:8 1 transporter


Innate Abilities, Weirdness & Mutations

You are immune to poison.
Your flesh is cold resistant. (rC+)
You are immune to negative energy. (rN+++)
You are immune to unholy pain and torment.
You are vulnerable to heat. (rF-)
You are in touch with the powers of death.
You do not drink.
You have a special connection with the divine. (Faith)


Message History

The yak is severely wounded.
The yak gores you! x2
* * * LOW HITPOINT WARNING * * *
The yak is burned by your cloak of flames.
The yak is moderately wounded.
You hit the yak.
The yak is severely wounded.
You barely miss the yak. x2; The yak gores you but does no damage.
The yak is burned by your cloak of flames.
The yak is almost dead.
The yak gores you but does no damage.
The yak is burned by your cloak of flames.
The yak is moderately wounded.
The yak gores you!
* * * LOW HITPOINT WARNING * * *
The yak is burned by your cloak of flames.
The yak is moderately wounded.
The yak gores you but does no damage.
The yak is burned by your cloak of flames.
The yak is heavily wounded.
The yak barely misses you. x2
As you read the scroll of summoning, it crumbles to dust.
Wisps of shadow whirl around you... The yak gores you but does no damage.
The yak is burned by your cloak of flames.
The yak is almost dead.
The yak gores you!
* * * LOW HITPOINT WARNING * * *
The yak is burned by your cloak of flames.
The yak is moderately wounded.
The yak gores you but does no damage.
The yak is burned by your cloak of flames.
The yak is heavily wounded.
Unknown command.
Unknown command.
You barely miss the yak.
The yak is almost dead.
You closely miss the yak. You slash the yak!
Your wyvern completely misses the yak.
Your bullfrog hits the yak. The yak gores you.
You die...

##..# .# ##.##.#
#.##.# #.##.#
#.##.# #.##.#
#.z..# ###.z###
##YY@##
.......Y#YY#
......z..YlF......
..../..####..#.#.#
..##### #... .
##.# .# #


You could see 6 yaks, a friendly wyvern (summoned), a friendly bullfrog
(summoned) and 3 friendly wights.

Vanquished Creatures
  Pikel (D:6)
  A hornet (D:7)
  Menkaure (D:4)
  2 water moccasins (D:7)
  3 orc warriors (D:7)
  A sky beast (D:8)
  A black bear (D:6)
  2 ice beasts (D:6)
  3 ogres
  A phantom (D:6)
  A lemure (D:6)
  4 kobold brigands
  2 bullfrogs
  4 scorpions
  4 jellies
  2 orc priests
  3 hounds
  2 iguanas (D:7)
  Jessica (D:2)
  Ijyb (D:4)
  Terence (D:2)
  Robin (D:2)
  14 adders
  6 gnolls (D:3)
  A shadow imp (D:6)
  3 white imps
  A worm (D:2)
  3 dart slugs
  17 orcs
  8 endoplasms
  4 giant cockroaches
  32 goblins
  14 hobgoblins
  3 jackals (D:1)
  28 kobolds
  4 quokkas
  3 ball pythons
  4 bats
  5 frilled lizards
  6 rats
198 creatures vanquished.

Notes
Turn   | Place    | Note
-------+----------+-------------------------------------------
     0 | D:1      | browni3141 the Mummy Cinder Acolyte began the quest for the
                  | Orb.
     0 | D:1      | Reached XP level 1. HP: 18/18 MP: 2/2
    69 | D:1      | Reached XP level 2. HP: 8/24 MP: 4/4
   152 | D:1      | Learned a level 2 spell: Scorch
   398 | D:1      | Gained mutation: You are in touch with the powers of death.
                  | [Mummy growth]
   398 | D:1      | Reached XP level 3. HP: 30/30 MP: 5/5
   746 | D:2      | Noticed Jessica
   753 | D:2      | Killed Jessica
   754 | D:2      | Reached skill level 1 in Armour
   754 | D:2      | Reached XP level 4. HP: 34/38 MP: 6/6
   846 | D:2      | Noticed Terence
   884 | D:2      | Killed Terence
   885 | D:2      | Reached skill level 5 in Fighting
   885 | D:2      | Reached XP level 5. HP: 7/44 MP: 7/7
  1026 | D:2      | Found a snail-covered altar of Cheibriados.
  1149 | D:2      | Reached skill level 1 in Throwing
  1272 | D:2      | Identified the +1 long sword of the Endless Bounties
                  | {freeze, rPois Will+ Stlth+}
  1437 | D:2      | Noticed Robin
  1451 | D:2      | Killed Robin
  1988 | D:3      | Reached XP level 6. HP: 49/51 MP: 8/8
  2676 | D:4      | Noticed Ijyb
  2722 | D:4      | Killed Ijyb
  2891 | D:4      | Found a radiant altar of Vehumet.
  2961 | D:4      | Noticed Menkaure
  2970 | D:4      | Killed Menkaure
  2971 | D:4      | Reached skill level 3 in Axes
  3072 | D:4      | Reached XP level 7. HP: 41/56 MP: 9/9
  3453 | D:5      | Entered Level 5 of the Dungeon
  3622 | D:5      | Found a shimmering blue altar of Sif Muna.
  3637 | D:5      | Reached skill level 4 in Axes
  3888 | D:5      | HP: 2/56 [acid (9)]
  4090 | D:5      | Found Saryn's Assorted Antiques.
  4091 | D:5      | Found Inumurph's Antique Armour Shop.
  4092 | D:5      | Found Xinwohio's Weapon Emporium.
  4092 | D:5      | Found Omuos's Magic Scroll Emporium.
  4092 | D:5      | Found Bilaverch's Assorted Antiques.
  4100 | D:5      | Bought a scroll of identify for 30 gold pieces
  4247 | D:5      | Found a staircase to the Ecumenical Temple.
  4358 | D:5      | Reached skill level 5 in Axes
  4605 | D:6      | Noticed Pikel
  4625 | D:6      | Killed Pikel
  4626 | D:6      | Reached skill level 6 in Axes
  4626 | D:6      | Reached XP level 8. HP: 48/62 MP: 2/10
  4913 | D:6      | Reached skill level 7 in Axes
  5551 | D:6      | Reached skill level 8 in Axes
  5682 | D:6      | Found a bloodstained altar of Trog.
  5682 | D:6      | Found a hazy altar of Hepliaklqana.
  5769 | D:5      | Bought a +3 heavy war axe for 279 gold pieces
  5776 | D:5      | Bought a scroll labelled YKHUNE CEGE for 28 gold pieces
  5862 | D:7      | Reached XP level 9. HP: 43/68 MP: 11/11
  6466 | D:7      | Found a shimmering altar of Xom.
  6953 | D:8      | Reached skill level 9 in Axes
  6958 | D:8      | Found a transporter.
  6999 | D:8      | HP: 2/71 [yak (8)]
  7000 | D:8      | Slain by a yak

Illustrated notes

Levels and vault maps discovered:
D:1:      lightli_arrival_maybe_door_vault, layout_rooms
D:2:      layout_rooms, basic_altar, chequers_serial_rivers_micro_a,
          nicolae_eternal_life, uniq_robin, uniq_jessica, uniq_terence
D:3:      layout_loops_corners
D:4:      kennysheep_the_goblin_king, layout_loops_ring,
          nicolae_vehumet_altar_sigil, moated_statue, uniq_ijyb, uniq_menkaure
D:5:      layout_cave_pods, nicolae_sif_muna_condensation, temple_statues,
          nicolae_wooded_promenade, kennysheep_crisscross,
          hangedman_decor_points, minmay_stone_trees_small
D:6:      layout_basic, gammafunk_temple_overflow_pools, corexii_checkpoint_a,
          st_stairs_5, uniq_pikel
D:7:      layout_basic, mainiacjoe_overflow_surrounded_room, grunt_ogre_cave
D:8:      layout_basic, nicolae_ru_awakened_eye, skrybe_limestone_x,
          serial_nicolae_subway, nicolae_sub_station_metal,
          nicolae_sub_station_stone, nicolae_sub_station_crystal

Skill      XL: |  1  2  3  4  5  6  7  8  9 |
---------------+----------------------------+-----
Fighting       | 4 5 6 |  6.7
Armour         | 1 2 4 |  4.0
Throwing       | 2 3 4 |  4.0
Axes           | 3 6 8 9 |  9.0
Spellcasting   | |  1.3
Fire Magic     | |  2.4

Action                     |  1- 3 |  4- 6 |  7- 9 || total
---------------------------+-------+-------+-------++-------
  Melee: Hand axe          |    67 |   188 |   168 ||   423
         Punch             |     1 |       |     3 ||     4
         War axe           |       |     9 |    88 ||    97
  Throw: Stone             |     3 |    25 |    19 ||    47
         Dart              |       |       |     9 ||     9
   Cast: Scorch            |     4 |     3 |    17 ||    24
 Invoke: Fiery Armour      |     2 |     2 |     2 ||     6
    Use: Scroll            |       |       |     8 ||     8
 Armour: Leather armour    |    29 |       |       ||    29
         Ring mail         |    12 |    27 |       ||    39
         Scale mail        |       |   103 |   169 ||   272
  Dodge: Dodged            |    57 |   122 |   125 ||   304

Table legend: (Time is in decaauts)
 A = Elapsed time spent in this place.
 B = Non-inter-level travel time spent in this place.
 C = Inter-level travel time spent in this place.
 D = Time resting spent in this place.
 E = Time spent auto-exploring this place.
 F = Levels seen in this place.
 G = Mean time per level.
                   A        B        C        D        E       F      G
               +--------+--------+--------+--------+--------+-----+--------+
         Total |   7095 |   6752 |    343 |    489 |   4895 |   8 |  886.9 |
       Dungeon |   7095 |   6752 |    343 |    489 |   4895 |   8 |  886.9 |
               +--------+--------+--------+--------+--------+-----+--------+

Top non-repeatable levels by time:
     D:6: 1197 daAuts
     D:5: 1190 daAuts
     D:3: 1007 daAuts
     D:7: 992 daAuts
     D:4: 910 daAuts
     D:2: 844 daAuts
     D:1: 742 daAuts
     D:8: 210 daAuts
